 Dungeon Crawl Stone Soup version 0.28.0-45-g0d030f2227 (webtiles) character file.

Game seed: 3255251454315607050

7130 McKennaii the Fighter (level 10, 0/91 HPs)
             Began as a Demigod Fighter on Apr 19, 2022.
             Hit by a large rock thrown by a cyclops (15 damage)
             ... on level 10 of the Dungeon.
             The game lasted 00:12:10 (9504 turns).

McKennaii the Fighter (Demigod Fighter)             Turns: 9504, Time: 00:12:10

Health: 0/91       AC: 15    Str: 31    XL:     10   Next: 55%
Magic:  13/13      EV: 10    Int: 10    God:
Gold:   262        SH:  0    Dex: 13    Spells: 9/9 levels left

rFire   + + +      SeeInvis .   t - +7 scythe (venom)
rCold   . . .      Faith    .   (shield currently unavailable)
rNeg    + + .      Spirit   .   o - +6 scale mail of the Bard {Contam rF++ rN+ Slay+2}
rPois   .          Reflect  .   E - +0 hat {Stlth+}
rElec   .          Harm     +   g - +0 cloak
rCorr   +          Rampage  .   (no gloves)
Will    +....                   (no boots)
Stlth   +.........              q - amulet "Otum" {RegenMP Harm rCorr Str+2}
HPRegen 0.25/turn               i - ring of positive energy
MPRegen 0.53/turn               r - ring of protection from fire

@: no status effects
A: high MP 1, forlorn, divine attributes
a: no special abilities


You were on level 10 of the Dungeon.
You visited 2 branches of the dungeon, and saw 12 of its levels.

You collected 574 gold pieces.
You spent 312 gold pieces at shops.

Inventory:

Hand Weapons
 a - a +0 trident
 t - a +7 scythe of venom (weapon)
Armour
 c - a +0 buckler
 g - a +0 cloak (worn)
 o - the +6 scale mail of the Bard (worn) {Contam rF++ rN+ Slay+2}
   (You found it on level 3 of the Dungeon)

   Slay:      It affects your accuracy & damage with ranged weapons and melee
   (+2).
   rF:        It greatly protects you from fire.
   rN:        It protects you from negative energy.
   Contam:    It causes magical contamination when unequipped.
 p - a +0 helmet
 E - a +0 hat of stealth (worn)
Jewellery
 i - a ring of positive energy (left hand)
 m - a ring of magical power
 q - the amulet "Otum" (around neck) {RegenMP Harm rCorr Str+2}
   (You found it on level 4 of the Dungeon)

   [amulet of magic regeneration]

   It increases your rate of magic regeneration.
   Str:       It affects your strength (+2).
   rCorr:     It protects you from acid and corrosion.
   Harm:      It increases damage dealt and taken.
 r - a ring of protection from fire (right hand)
 B - a ring of magical power
Wands
 l - a wand of iceblast (11)
Scrolls
 h - 3 scrolls of blinking
 j - a scroll of immolation
 s - a scroll of enchant weapon
 w - a scroll of vulnerability
 x - 2 scrolls of fog
 z - a scroll of holy word {unknown}
 A - 4 scrolls of torment {unknown}
 C - a scroll of enchant armour {unknown}
Potions
 b - a potion of berserk rage
 d - 2 potions of might
 e - a potion of attraction
 f - a potion of cancellation
 n - 4 potions of mutation
 u - a potion of brilliance
 v - a potion of magic
 D - a potion of haste {unknown}


   Skills:
 + Level 9.2 Fighting
 + Level 9.0 Polearms
 + Level 9.2 Armour
 - Level 4.0 Shields


You had 9 spell levels left.
You didn't know any spells.
Your spell library contained the following spells:

 Spells                   Type           Power      Damage    Failure   Level
 Shock                    Conj/Air       0%         1d3       56%         1
 Summon Guardian Golem    Hex/Summ       0%         N/A       90%         3
 Swiftness                Air            0%         N/A       90%         3
 Tukima's Dance           Hex            0%         N/A       90%         3
 Airstrike                Air            0%         N/A       100%        4
 Passage of Golubria      Tloc           0%         N/A       100%        4
 Yara's Violent Unravell  Hex/Tmut       0%         3d3       100%        5
 Orb of Destruction       Conj           0%         9d5       100%        7
 Spellforged Servitor     Conj/Summ      0%         N/A       100%        7


Dungeon Overview and Level Annotations

Branches:
Dungeon (11/15)            Temple (0/1) D:6            Lair (1/6) D:8
    Orc: D:9-12

Shops:
D:2 !   D:7 ?


Innate Abilities, Weirdness & Mutations

You have an increased reservoir of magic. (+10% MP)
You shall have no god before yourself.
Your divine heritage dramatically boosts your attributes as you level up.


Message History

You reach to attack!
You hit the skeletal warrior but do no damage.
The skeletal warrior is moderately damaged.
The skeletal warrior hits you from afar with a +0 halberd!
* * * LOW HITPOINT WARNING * * *
Unknown command.
You feel much better.
The skeletal warrior closely misses you.
Unknown command.
The meliai invokes the aid of its god against you.
Something smites you!
Unknown command.
The meliai calls down the wrath of its god upon you.
Something smites you!
* * * LOW HITPOINT WARNING * * *
As you read the scroll of teleportation, it crumbles to dust.
You feel strangely unstable.
The skeletal warrior hits you from afar with a +0 halberd.
* * * LOW HITPOINT WARNING * * *
Unknown command.
Your surroundings suddenly seem different.
A troll comes into view.
The troll shouts!
You hear a bellow!
Reach: t) +7 scythe (venom)
Press: ? - help, Dir - move target, f - troll
Aim: a troll (about 31% to evade your +7 scythe of venom)
You reach to attack!
You slash the troll!
The troll is moderately wounded.
The troll closely misses you. The troll claws you but does no damage.
The troll closely misses you.
You slice the troll!!
You kill the troll!
Your Polearms skill increases to level 9!
Unknown command.
You start resting.
A yak comes into view.
You see here a troll corpse.
A cyclops comes into view.
The cyclops throws a large rock.
The large rock hits you!
You die... |y)

..# ..#
..# ## ..#
###.###..#
#.Y...#..#
#.###†#..#
#.@..#
#.#..#
...#..#
#.###..#
.C. ..#
... #.#
### .. ##


You could see a cyclops.

Vanquished Creatures
  Gastronok (Lair:1)
  Pikel (D:7)
  A deep elf pyromancer (D:6)
  A cyclops (D:8)
  A komodo dragon (D:8)
  2 trolls (D:10)
  A shadow (D:10)
  Sigmund (D:3)
  A wyvern (D:8)
  6 yaks
  Duvessa (D:5)
  A water moccasin (Lair:1)
  Edmund (D:6)
  A necrophage (D:7)
  An ogre (D:6)
  A sky beast (D:6)
  A centaur (D:7)
  3 lemures (D:7)
  Blork the orc (D:4)
  6 bullfrogs
  6 scorpions
  A wyvern zombie (D:7)
  A gnoll sergeant (D:8)
  Dowan (D:5)
  3 water moccasin skeletons
  6 howler monkeys
  An electric eel (D:7)
  A bullfrog zombie (D:6)
  2 centaur zombies
  3 hounds (D:6)
  2 orc priests
  2 gnoll shamans
  A bullfrog skeleton (D:5)
  3 iguanas
  A killer bee zombie (D:7)
  3 howler monkey zombies
  Robin (D:3)
  8 adders
  16 gnolls
  2 white imps
  2 ufetubi (D:6)
  An adder skeleton (D:4)
  2 worms
  4 dart slugs
  11 orcs
  3 bats
  8 endoplasms
  5 giant cockroaches
  20 goblins
  17 hobgoblins
  3 jackals (D:1)
  10 kobolds
  4 quokkas
  4 ball pythons
  14 frilled lizards
  2 rats
207 creatures vanquished.

Vanquished Creatures (others)
  A fungus (Lair:1)
  31 plants
32 creatures vanquished.

Grand Total: 239 creatures vanquished

Notes
Turn   | Place    | Note
-------+----------+-------------------------------------------
     0 | D:1      | McKennaii the Demigod Fighter began the quest for the Orb.
     0 | D:1      | Reached XP level 1. HP: 18/18 MP: 3/3
   241 | D:1      | Reached XP level 2. HP: 25/25 MP: 4/4
   938 | D:2      | Reached XP level 3. HP: 31/31 MP: 5/5
  1797 | D:2      | Found Xucimy's Distillery.
  1991 | D:2      | Reached XP level 4. HP: 34/38 MP: 6/6
  2097 | D:2      | Bought a potion of heal wounds for 65 gold pieces
  2599 | D:3      | Identified the +6 scale mail of the Bard {Contam rF++ rN+
                  | Slay+2}
  2615 | D:3      | Noticed Robin
  2647 | D:3      | Killed Robin
  2857 | D:3      | Noticed Sigmund
  2987 | D:4      | Identified the amulet "Otum" {RegenMP Harm rCorr Str+2}
  3086 | D:3      | Reached XP level 5. HP: 36/45 MP: 7/7
  3377 | D:4      | Noticed Blork the orc
  3642 | D:4      | Killed Blork the orc
  3742 | D:4      | Reached XP level 6. HP: 52/52 MP: 8/8
  4732 | D:3      | Killed Sigmund
  4975 | D:5      | Entered Level 5 of the Dungeon
  5194 | D:5      | Reached XP level 7. HP: 52/60 MP: 9/9
  5576 | D:6      | Noticed Duvessa
  5576 | D:6      | Noticed Dowan
  5582 | D:5      | Killed Duvessa
  5583 | D:5      | Killed Dowan
  5584 | D:5      | Reached skill level 5 in Fighting
  5836 | D:5      | Reached skill level 5 in Armour
  6065 | D:6      | Found a staircase to the Ecumenical Temple.
  6196 | D:6      | Noticed a deep elf pyromancer
  6198 | D:6      | Noticed a fire elemental
  6199 | D:6      | Noticed a fire elemental
  6199 | D:6      | Noticed a fire elemental
  6199 | D:6      | Killed a deep elf pyromancer
  6200 | D:6      | Reached skill level 5 in Polearms
  6200 | D:6      | Reached XP level 8. HP: 70/70 MP: 10/10
  6809 | D:6      | Noticed Edmund
  6815 | D:6      | Killed Edmund
  7148 | D:7      | Reached XP level 9. HP: 76/79 MP: 11/11
  7335 | D:7      | Noticed Pikel
  7346 | D:7      | Killed Pikel
  7553 | D:7      | Found Gevoryfa's Magic Scroll Shoppe.
  7919 | D:7      | Bought a scroll of teleportation for 45 gold pieces
  7919 | D:7      | Bought a scroll of identify for 30 gold pieces
  7919 | D:7      | Bought a scroll of identify for 30 gold pieces
  7919 | D:7      | Bought a scroll of blinking for 112 gold pieces
  7919 | D:7      | Bought a scroll of fog for 30 gold pieces
  8001 | D:8      | Identified the +3 ring mail of Mymux {Slay+6}
  8231 | D:8      | Noticed a cyclops
  8244 | D:8      | Killed a cyclops
  8523 | D:8      | Noticed a komodo dragon
  8528 | D:8      | Killed a komodo dragon
  8653 | D:8      | Found a staircase to the Lair.
  8667 | Lair:1   | Entered Level 1 of the Lair of Beasts
  8715 | Lair:1   | Noticed Gastronok
  8724 | Lair:1   | Killed Gastronok
  8725 | Lair:1   | Reached XP level 10. HP: 35/90 MP: 13/13
  8947 | Lair:1   | Noticed a four-headed hydra
  9399 | D:9      | You fall into a shaft and drop 2 floors!
  9415 | D:10     | Entered Level 10 of the Dungeon
  9449 | D:10     | Noticed a skeletal warrior
  9450 | D:10     | Noticed a death knight
  9504 | D:10     | Noticed a cyclops
  9504 | D:10     | Hit by a large rock thrown by a cyclops

Illustrated notes

Levels and vault maps discovered:
D:1:      dpeg_arrival_rooms_with_view, layout_basic,
          dilly_ecumenical_altar_fadedgnrine
D:2:      layout_basic, serial_shops, shop, minmay_lizard_king
D:3:      layout_rooms, tso_oasis_becter, nicolae_overflow_squiral, uniq_robin,
          uniq_sigmund
D:4:      layout_loops_cross, nicolae_gozag_seed_capital, roderic_roman_lattice,
          minmay_goblin_outpost, uniq_blork_the_orc
D:5:      layout_rooms, kiku_gazebo_pond_becter
D:6:      layout_gridville, nemelex_dance_club_becter, minmay_temple_entry_mist,
          minmay_misc_feat_columns, guppyfry_early_elven_hall, uniq_duvessa,
          uniq_edmund
D:7:      layout_loops_cross, mainiacjoe_overflow_chevrons,
          mainiacjoe_overflow_six_doors_small, xom_butterflies, serial_shops,
          nicolae_inconvenience_store, uniq_pikel
D:8:      layout_basic, okawaru_altar_gauntlet_db, david_lair_shrubbed
D:9:      argonaut_augean_stables, layout_basic, elyvilon_altar_3,
          lemuel_round_altar, uniq_psyche
D:10:     minmay_the_grid_square_5x5_3x3 [minmay_the_grid_square_5x5_corner,
          minmay_the_grid_square_5x5_three,
          minmay_the_grid_square_5x5_checkered_sparse,
          minmay_the_grid_square_5x5_trominoes,
          minmay_the_grid_square_5x5_megaprize_diamond,
          minmay_the_grid_square_5x5_dogpile,
          minmay_the_grid_square_5x5_minibox,
          minmay_the_grid_square_5x5_shuriken,
          minmay_the_grid_square_5x5_detours], layout_basic,
          worldfamousw_hep_ancestral_shrine, serial_shops, shop
D:11:     layout_loops_corners
Lair:1:   layout_hall_layers, gauntlet_entry_generic, beast_lair_carwin_1,
          uniq_gastronok

Skill      XL: |  1  2  3  4  5  6  7  8  9 10 |
---------------+-------------------------------+-----
Polearms       | 2 3 4 5 6 8 9 |  9.0
Armour         | 3 4 5 6 8 9 |  9.2
Fighting       | 3 4 6 7 8 9 |  9.2
Shields        | 3 4 |  4.0

Action                   |  1- 3 |  4- 6 |  7- 9 | 10-12 || total
-------------------------+-------+-------+-------+-------++-------
Melee: Trident           |   185 |   169 |       |     4 ||   358
       Scythe            |       |    11 |   192 |    27 ||   230
Evoke: Wand              |       |     2 |       |     1 ||     3
  Use: Potion            |     1 |     2 |       |     1 ||     4
       Scroll            |       |     1 |    10 |     1 ||    12
Armor: Scale mail        |    76 |    85 |   156 |    19 ||   336
Dodge: Dodged            |    60 |    66 |   129 |    22 ||   277
Block: Buckler           |    42 |    30 |       |       ||    72
